Map: Ruins of Endion

Players

capac

  • Race: Terran Terran
  • League: Gold

ODaBridge - Winner!

  • Race: Protoss Protoss
  • League: Gold

VOD

Have the link to the VOD?

Description

Time

  • Played on: May 4, 2016, 2:17 p.m.
  • Length: 9:59
Show
View Real Time Build Order
Export as new Build Order

capac Terran 

Build Orders: MMM Bio 

Get SALT Encoding   

  12  0:00  SCV  
  13  0:13  SCV  
  14  0:18  Supply Depot  
  14  0:25  SCV  
  15  0:40  SCV  
  15  0:41  Barracks  
  16  0:46  Refinery  
  16  0:52  SCV  
  17  1:04  SCV  
  18  1:16  SCV  
  19  1:42  Marine  
  20  1:47  Barracks  
  20  1:50  Barracks  
  20  1:52  Supply Depot  
  16  2:08  Marine  
  16  2:13  Supply Depot  
  15  2:38  Marine  
  15  2:39  Marine  
  14  3:06  Barracks Tech Lab  
  14  3:07  Marine  
  14  3:10  SCV  
  16  3:14  Supply Depot  
  16  3:24  Marine  
  17  3:33  Marine  
  18  3:40  Factory  
  18  3:42  Marine  
  19  3:51  Marine  
  20  4:00  Refinery  
  20  4:02  SCV  
  18  4:24  SCV  
  18  4:30  Starport  
  19  4:35  Factory Tech Lab  
  19  4:37  SCV  
  20  4:50  Orbital Command  
  20  5:19  Command Center  
  20  5:23  SCV  
  21  5:35  SCV, Medivac  
  24  5:43  Stimpack  
  24  5:47  Marine  
  24  5:48  Marine  
  26  5:50  SCV  
  27  6:04  SCV  
  28  6:06  Marine  
  29  6:17  SCV  
  30  6:23  Marine  
  31  6:30  SCV  
  26  6:48  Orbital Command  
  26  6:53  Engineering Bay  
  26  6:57  Marine x2  
  28  7:08  SCV  
  29  7:17  Siege Tank  
  29  7:20  SCV  
  33  7:28  Missile Turret  
  33  7:29  SCV  
  34  7:32  SCV  
  31  7:44  SCV  
  32  7:57  Marine x2  
  34  8:00  SCV x2  
  36  8:11  Combat Shields  
  36  8:12  SCV x2  
  38  8:15  Marine  
  39  8:20  Missile Turret  
  37  8:33  Marine x2, Missile Turret  
  39  8:36  SCV  
  40  8:46  Starport Reactor  
  40  8:49  Siege Tank  
  40  8:51  Marine, SCV x2  
  46  9:01  Supply Depot  
  46  9:04  Marine  
  46  9:16  SCV  
  46  9:18  SCV  
  34  9:32  Marine x2  
Show
View Real Time Build Order
Export as new Build Order

ODaBridge Protoss - Winner!

Build Orders: Cannon Rush 

Get SALT Encoding   

  12  0:02  Probe (Chrono Boost)  
  13  0:21  Pylon  
  13  0:23  Probe (Chrono Boost)  
  14  0:36  Probe (Chrono Boost)  
  14  0:39  Forge  
  15  0:46  Probe (Chrono Boost)  
  16  0:57  Pylon  
  16  0:58  Probe (Chrono Boost)  
  17  1:16  Photon Cannon  
  17  1:18  Photon Cannon  
  17  1:33  Photon Cannon  
  17  2:01  Pylon  
  17  2:19  Photon Cannon  
  17  2:26  Pylon  
  17  2:46  Photon Cannon  
  17  2:56  Photon Cannon  
  17  3:01  Photon Cannon  
  16  3:20  Gateway  
  16  3:26  Nexus  
  16  3:33  Pylon  
  16  3:37  Assimilator x2  
  16  3:39  Probe (Chrono Boost)  
  17  4:09  Cybernetics Core  
  17  4:33  Photon Cannon  
  17  4:34  Photon Cannon  
  17  4:36  Photon Cannon  
  17  4:38  Photon Cannon  
  17  4:42  Probe (Chrono Boost)  
  18  4:48  Stargate  
  18  4:50  Probe (Chrono Boost)  
  19  4:53  Probe (Chrono Boost)  
  20  5:01  Probe (Chrono Boost)  
  20  5:04  Probe (Chrono Boost)  
  22  5:12  Stargate  
  22  5:17  Probe (Chrono Boost)  
  22  5:18  Probe (Chrono Boost)  
  24  5:21  Assimilator  
  24  5:25  Assimilator  
  24  5:35  Oracle (Chrono Boost)  
  27  5:38  Probe  
  27  5:40  Probe  
  29  5:48  Probe  
  29  5:53  Probe  
  31  6:04  Void Ray (Chrono Boost)  
  35  6:14  Probe  
  35  6:16  Probe  
  37  6:23  Void Ray (Chrono Boost)  
  41  6:49  Void Ray (Chrono Boost)  
  45  6:57  Probe  
  46  7:04  Pylon  
  46  7:06  Pylon  
  46  7:10  Stargate  
  46  7:13  Stargate  
  46  7:22  Probe x2  
  48  7:28  Void Ray (Chrono Boost)  
  52  7:53  Void Ray (Chrono Boost)  
  60  8:00  Probe x2, Void Ray (Chrono Boost)  
  62  8:35  Pylon  
  62  8:37  Pylon  
  62  8:41  Pylon  
  62  8:54  Void Ray (Chrono Boost)  
  70  8:59  Void Ray (Chrono Boost)  
Tags
 
Composition
MMM Bio
League
GoldGold
Matchup
PvT
Add a new tag
Caveats
  • Supply blocks, unpowered buildings, or Contaminate may cause inaccurate times.
  • Supply counts are checked every 10 seconds.